 Dungeon Crawl Stone Soup version 0.27-a0-869-g165b36e3f0 (webtiles) character file.

Game seed: 11840592712342728427

13424 polve the Transmogrifier (level 11, -4/99 HPs)
             Began as a Black Draconian Transmuter on Apr 2, 2021.
             Killed from afar by Erica (15 damage)
             ... with a bolt of poison
             ... on level 10 of the Dungeon.
             The game lasted 00:25:20 (18292 turns).

polve the Transmogrifier (DrTm)                    Turns: 18292, Time: 00:25:22

Health: -4/99      AC: 18    Str: 13    XL:     11   Next: 75%
Magic:  14/14      EV: 12    Int: 22    God:
Gold:   606        SH:  0    Dex: 12    Spells: 3/14 levels left

rFire    . . .     SeeInvis .     - Unarmed
rCold    . . .     Faith    .   (no shield)
rNeg     . . .     Spirit   .   (armour unavailable)
rPois    .         Reflect  .   K - +1 hat
rElec    +         Harm     .   w - scarf {repulsion}
rCorr    .         Rampage  .   e - +2 pair of gloves
Will     .....     Clarity  +   u - +1 pair of boots
Stlth    +.........             (no amulet)
HPRegen  0.26/turn              J - +6 ring of intelligence
MPRegen  0.14/turn              c - +4 ring of protection

@: mighty, lethally poisoned (-4 -> -20), berserk cooldown, slowed, repel
missiles, very slow
A: breathe lightning, AC +7, unfitting armour, electricity resistance,
cold-blooded, clarity, shaggy fur 1
a: Breathe Lightning


You were on level 10 of the Dungeon.
You visited 2 branches of the dungeon, and saw 11 of its levels.

You collected 606 gold pieces.

Inventory:

Missiles
 j - a curare-tipped dart
Armour
 e - a +2 pair of gloves (worn)
 u - a +1 pair of boots (worn)
 w - a scarf of repulsion (worn)
 K - a +1 hat (worn)
Jewellery
 a - an amulet of guardian spirit
 c - a +4 ring of protection (right hand)
 l - a ring of resist corrosion
 F - a ring of fire
 I - a ring of positive energy
 J - a +6 ring of intelligence (left hand)
Wands
 f - a wand of random effects (16)
 h - a wand of flame (31)
 i - a wand of mindburst (12)
 s - a wand of polymorph (4)
 t - a wand of digging (6)
 E - a wand of iceblast (11)
 G - a wand of paralysis (5)
Scrolls
 g - 3 scrolls of teleportation
 k - 2 scrolls of amnesia
 p - a scroll of summoning {unknown}
 q - 3 scrolls of magic mapping
 r - a scroll of torment {unknown}
 v - 3 scrolls of enchant armour {unknown}
 x - 3 scrolls of immolation {unknown}
 y - a scroll of holy word {unknown}
 C - a scroll of silence {unknown}
 D - a scroll of enchant weapon {unknown}
 H - a scroll of fog {unknown}
 L - 2 scrolls of fear {unknown}
 M - 2 scrolls of vulnerability {unknown}
Potions
 b - 2 potions of attraction
 d - 2 potions of flight
 m - a potion of brilliance
 o - 3 potions of curing
 z - 2 potions of might
 A - a potion of berserk rage


   Skills:
 - Level 10.0 Fighting
 - Level 1.7 Dodging
 - Level 10.0 Unarmed Combat
 - Level 2.0 Spellcasting
 + Level 13.6 Transmutations


You had 3 spell levels left.
You knew the following spells:

 Your Spells              Type           Power      Damage    Failure   Level
a - Beastly Appendage     Tmut           100%       N/A       1%          1
b - Wereblood             Tmut           58%        N/A       1%          2
c - Spider Form           Tmut/Pois      16%        N/A       2%          3
d - Hydra Form            Tmut           29%        N/A       1%          5

Your spell library contained the following spells:

 Spells                   Type           Power      Damage    Failure   Level
 Animate Skeleton         Necr           4%         N/A       14%         1
 Apportation              Tloc           4%         N/A       14%         1
 Corona                   Hex            2%         N/A       14%         1
 Foxfire                  Conj/Fire      8%         2x1d4     14%         1
 Summon Small Mammal      Summ           8%         N/A       14%         1
 Call Imp                 Summ           2%         N/A       21%         2
 Ensorcelled Hibernation  Hex/Ice        4%         N/A       21%         2
 Call Canine Familiar     Summ           2%         N/A       38%         3
 Confusing Touch          Hex            2%         N/A       38%         3
 Conjure Flame            Conj/Fire      2%         6-21      38%         3
 Dazzling Flash           Conj/Hex       4%         N/A       38%         3
 Gell's Gravitas          Tloc           1%         N/A       38%         3
 Inner Flame              Hex/Fire       2%         N/A       38%         3
 Summon Guardian Golem    Hex/Summ       2%         N/A       38%         3
 Tukima's Dance           Hex            2%         N/A       38%         3
 Ice Form                 Ice/Tmut       32%        N/A       9%          4
 Petrify                  Tmut/Erth      32%        N/A       9%          4
 Yara's Violent Unravell  Hex/Tmut       16%        3d8       24%         5
 Sticky Flame             Conj/Fire      2%         2d3       80%         4
 Summon Ice Beast         Ice/Summ       2%         N/A       80%         4
 Summon Lightning Spire   Summ/Air       2%         N/A       80%         4
 Fireball                 Conj/Fire      1%         3d3       98%         5
 Metabolic Englaciation   Hex/Ice        1%         N/A       98%         5


Dungeon Overview and Level Annotations

Branches:
Dungeon (10/15)            Temple (0/1) D:5            Lair (1/6) D:10
    Orc: D:9-12

Altars:
Ashenzari
Gozag
Kikubaaqudgha
Makhleb
Nemelex Xobeh
Ru
Yredelemnul
Zin
The Shining One

Shops:
D:7 (   D:10 ?==[!

Annotations:
D:3 2 transporters, Capylives's ghost, amateur DjCj
D:6 2 transporters, Menkaure
D:9 1 runed translucent door, Ge0ff's ghost, journeyman DjFE
D:10 Erica


Innate Abilities, Weirdness & Mutations

You can breathe wild blasts of lightning.
Your glossy black scales are hard. (AC +7)
You cannot fit into any form of body armour.
You are resistant to electric shocks. (rElec)
You are cold-blooded and may be slowed by cold attacks.
You possess an exceptional clarity of mind.
You are covered in fur. (AC +1)


Message History

A red film seems to cover your vision as you go berserk!
You feel yourself moving faster!
You feel mighty!
Erica gestures at herself while chanting.
Erica flickers and vanishes!
Deactivating autopickup; reactivate with Ctrl-A.
You closely miss something. Something hits you!
* * * LOW HITPOINT WARNING * * *
Something burns you.
* * * LOW HITPOINT WARNING * * *
You closely miss something. Your punch misses something. You punch something!
Something hits you but does no damage.
You miss something. You closely miss something. Something barely misses you.
You miss something. You closely miss something. Something hits you.
* * * LOW HITPOINT WARNING * * *
Something burns you.
* * * LOW HITPOINT WARNING * * *
You barely miss something. You closely miss something. Something hits you.
* * * LOW HITPOINT WARNING * * *
Something burns you.
* * * LOW HITPOINT WARNING * * *
You barely miss something.
You hear some strange, mumbled words.
A lance of force appears from out of thin air!
The lance of force hits you.
* * * LOW HITPOINT WARNING * * *
You are knocked back by the lance of force.
You feel a strong urge to attack something.
There is an open door here.
You slam the door shut with a bang!
You feel your anger nearly subside.
You are no longer berserk.
You are exhausted.
You feel yourself slow down.
You hear some strange, mumbled words.
A bolt of poison appears from out of thin air!
The bolt of poison hits you!
You are lethally poisoned!
You die...

#.#####..#...)#..#..........#..
#.#...#..#...))..#..........#..
#.#...#..#...(#..#..........#..
#.#...#..#....#..#......#####..
#.'...#..#....#..#......#......
##.'...#..######..###'####.)....
#..#...#........................
#..#...#....{....###'#..........
#..#...#.####+#@.#...#..........
#..#####.#...?#..#...#..........
##........#....#..#...#..###''###
#.........+....#..#...#..#.......
#.........#....#..#...#..#.......
#.........#....#..#####..#.......
#.........#....#.........#.......
#.........#....#.<.......#.......
#........##....#.........#.......


There were no monsters in sight!

Vanquished Creatures
  Gastronok (D:9)
  A two-headed ogre (D:7)
  Pikel (D:6)
  A manticore (D:9)
  Joseph (Lair:1)
  2 cyclopes
  Maurice (D:9)
  2 komodo dragons
  A cane toad (Lair:1)
  Maggie (D:7)
  A polar bear (Lair:1)
  A troll (D:9)
  Prince Ribbit (D:7)
  Grinder (D:6)
  A hornet (D:6)
  2 wyverns (D:9)
  2 shadows (D:10)
  Eustachio (D:5)
  A wraith (D:9)
  10 yaks
  An acid dragon (D:9)
  2 water moccasins
  2 orc warriors
  A black bear (D:4)
  A sky beast (D:5)
  2 ice beasts (D:7)
  2 lemures (D:6)
  2 phantoms (D:5)
  5 centaurs
  3 kobold brigands
  Blork the orc (D:5)
  4 bullfrogs
  A gnoll sergeant (D:9)
  A wyvern zombie (D:8)
  2 scorpions (D:6)
  A water moccasin zombie (D:7)
  4 killer bees
  25 wights
  A howler monkey (D:9)
  5 centaur zombies
  2 orc priests
  Crazy Yiuf (D:2)
  4 hounds
  3 iron imps (D:10)
  Terence (D:2)
  4 iguanas
  9 orc wizards
  A hound zombie (D:5)
  Robin (D:2)
  A howler monkey zombie (D:6)
  4 adders
  9 gnolls
  A shadow imp (D:5)
  A white imp (D:8)
  4 worms
  3 dart slugs
  25 orcs
  3 ball pythons
  4 endoplasms
  3 giant cockroaches (D:1)
  11 hobgoblins
  5 jackals
  20 kobolds
  7 quokkas
  8 bats
  2 frilled lizards
  10 goblins
  23 rats
269 creatures vanquished.

Vanquished Creatures (others)
  A fungus (Lair:1)
  4 plants
5 creatures vanquished.

Grand Total: 274 creatures vanquished

Notes
Turn   | Place    | Note
-------+----------+-------------------------------------------
     0 | D:1      | polve the Draconian Transmuter began the quest for the Orb.
     0 | D:1      | Reached XP level 1. HP: 16/16 MP: 3/3
   392 | D:1      | Reached XP level 2. HP: 24/24 MP: 3/5
  1128 | D:2      | Reached XP level 3. HP: 25/30 MP: 6/6
  1443 | D:2      | Found a faded altar of an unknown god.
  1538 | D:2      | Noticed Terence
  1584 | D:2      | Killed Terence
  1585 | D:2      | Reached XP level 4. HP: 9/38 MP: 4/7
  1924 | D:2      | Noticed Robin
  2241 | D:2      | Killed Robin
  2685 | D:2      | Found an opulent altar of Gozag.
  2903 | D:2      | Found a runed translucent door.
  2904 | D:2      | Noticed Crazy Yiuf
  2980 | D:2      | Killed Crazy Yiuf
  2981 | D:2      | Reached XP level 5. HP: 46/46 MP: 6/8
  3191 | D:3      | Found a transporter.
  3198 | D:3      | Noticed Capylives's ghost (amateur DjCj)
  3201 | D:3      | Found a transporter.
  3692 | D:3      | Reached skill level 5 in Unarmed Combat
  3928 | D:3      | Found a broken altar of Ashenzari.
  4233 | D:4      | Noticed a centaur
  4246 | D:4      | Killed a centaur
  4247 | D:4      | Reached XP level 6. HP: 36/55 MP: 9/9
  4353 | D:4      | Found the +27 Lear's hauberk
  4368 | D:4      | You fall into a shaft and drop 1 floor!
  4368 | D:5      | Entered Level 5 of the Dungeon
  4390 | D:5      | Reached skill level 5 in Fighting
  4506 | D:5      | Noticed Eustachio
  4786 | D:4      | Found a glowing silver altar of Zin.
  4789 | D:4      | Found a sparkling altar of Nemelex Xobeh.
  4793 | D:4      | Found a sacrificial altar of Ru.
  5188 | D:5      | Your scales start taking on a glossy black colour.
  5188 | D:5      | Reached XP level 7. HP: 52/62 MP: 10/10
  5188 | D:5      | Gained mutation: You are resistant to electric shocks.
                  | (rElec) [Black Draconian growth]
  5306 | D:5      | Killed Eustachio
  5419 | D:5      | Found a staircase to the Ecumenical Temple.
  5591 | D:5      | Found a glowing golden altar of the Shining One.
  5822 | D:5      | Reached XP level 8. HP: 73/73 MP: 11/11
  5883 | D:6      | Noticed Blork the orc
  5910 | D:5      | Killed Blork the orc
  6266 | D:6      | Noticed Grinder
  6402 | D:6      | Found a transporter.
  6403 | D:6      | Paralysed by Grinder for 5 turns
  6405 | D:6      | Noticed Menkaure
  6423 | D:6      | Killed Grinder
  6586 | D:6      | Found a transporter.
  6601 | D:6      | Found a basalt altar of Yredelemnul.
  6611 | D:6      | Found an ancient bone altar of Kikubaaqudgha.
  6665 | D:6      | Noticed Pikel
  6689 | D:6      | Killed Pikel
  6690 | D:6      | Reached XP level 9. HP: 62/83 MP: 12/12
  7550 | D:7      | Noticed Maggie
  7573 | D:7      | Killed Maggie
  7833 | D:7      | Paralysed by a hornet for 1 turns
  8183 | D:7      | Reached skill level 10 in Fighting
  8330 | D:7      | Found Siadef's Hydra Hut.
  8333 | D:7      | Noticed a four-headed hydra
  8831 | D:7      | Noticed Prince Ribbit
  8844 | D:7      | Gained mutation: You are covered in fur. (AC +1) [potion of
                  | mutation]
  8844 | D:7      | Gained mutation: You possess an exceptional clarity of
                  | mind. [potion of mutation]
  8873 | D:7      | Reached skill level 10 in Unarmed Combat
  9275 | D:7      | Reached skill level 3 in Transmutations
  9573 | D:7      | Killed Prince Ribbit
  9574 | D:7      | Reached skill level 4 in Transmutations
  9962 | D:7      | Learned a level 2 spell: Wereblood
 10066 | D:8      | Reached skill level 5 in Transmutations
 10095 | D:8      | Noticed a two-headed ogre
 10465 | D:8      | Reached skill level 6 in Transmutations
 10467 | D:8      | Reached XP level 10. HP: 47/93 MP: 13/13
 11240 | D:8      | Reached skill level 7 in Transmutations
 11337 | D:7      | Learned a level 3 spell: Spider Form
 11343 | D:7      | Learned a level 5 spell: Hydra Form
 11510 | D:7      | Killed a two-headed ogre
 11511 | D:7      | Reached skill level 8 in Transmutations
 11946 | D:9      | Noticed Gastronok
 12011 | D:9      | Killed Gastronok
 12012 | D:9      | Reached skill level 10 in Transmutations
 12208 | D:9      | Found a runed translucent door.
 12208 | D:9      | Noticed Ge0ff's ghost (journeyman DjFE)
 12539 | D:9      | Reached XP level 11. HP: 93/99 MP: 14/14
 12549 | D:9      | Reached skill level 11 in Transmutations
 13519 | D:9      | Noticed Maurice
 14359 | D:9      | Found a runed translucent door.
 14404 | D:9      | Killed Maurice
 15058 | D:10     | Entered Level 10 of the Dungeon
 15115 | D:10     | Found a staircase to the Lair.
 15239 | D:10     | Found Obaul's Jewellery Boutique.
 15255 | D:10     | Found Ynkahat's Distillery.
 15562 | D:10     | Reached skill level 12 in Transmutations
 15647 | D:10     | Found Xucw's Antique Armour Shop.
 16101 | D:10     | Found a burning altar of Makhleb.
 16235 | D:10     | Found Daoryrch's Jewellery Boutique.
 16236 | D:10     | Found Madaotze's Magic Scroll Shop.
 17239 | Lair:1   | Entered Level 1 of the Lair of Beasts
 17331 | Lair:1   | Reached skill level 13 in Transmutations
 17581 | Lair:1   | Noticed Joseph
 17602 | Lair:1   | Killed Joseph
 17844 | Lair:1   | Noticed Erica
 18292 | D:10     | Killed from afar by Erica

Illustrated notes

Levels and vault maps discovered:
D:1:      giann_forest_graveyard, layout_basic, st_stairs_10
D:2:      layout_rooms, basic_altar, chequers_ecumenical_altar_simple,
          minmay_misc_feat_diagonals, chequers_serial_rivers_small_a,
          minmay_crystal_room, kennysheep_crisscross, minmay_hexomino_f4,
          uniq_robin, uniq_terence, uniq_crazy_yiuf_cottage
D:3:      layout_loops_corners, lemuel_coloured_pillars_altar,
          gammafunk_ghost_arena, minmay_strange_pillars, minmay_rat_hole
D:4:      layout_rooms, minitemple
D:5:      layout_rooms, kennysheep_mini_moat, minmay_temple_entry_large_hall,
          serial_curves, eino_curves_01, eino_curves_02, uniq_eustachio
D:6:      layout_rooms, gammafunk_temple_of_torment, uniq_grinder, uniq_pikel,
          uniq_menkaure, uniq_blork_the_orc
D:7:      layout_layer_cave, doesnt_shop_hydraphobe, uniq_prince_ribbit1,
          uniq_maggie
D:8:      layout_rooms, minmay_misc_feat_nine_boxes
D:9:      kennysheep_blocky_hall, layout_stronghold,
          ebering_ghost_reflecting_pool, kennysheep_generic_room_7,
          uniq_maurice, uniq_gastronok
D:10:     layout_irregular_city, demons_altar, lair_entry_dummy, serial_rivers,
          chequers_serial_rivers_micro_c, chequers_serial_rivers_micro_c,
          chequers_serial_rivers_micro_a, chequers_serial_rivers_micro_b,
          serial_shops, shop_scrolls, nicolae_shop_trees, shop_statue,
          nicolae_shop_stone, shop
Lair:1:   layout_cave_pods, gammafunk_ghost_grave, minivault_27,
          lemuel_fruit_fields, uniq_joseph, uniq_erica

Skill      XL: |  1  2  3  4  5  6  7  8  9 10 11 |
---------------+----------------------------------+-----
Fighting       | 2 3 4 5 7 9 10 | 10.0
Unarmed Combat | 4 5 6 7 9 10 | 10.0
Transmutations | 6 10 13 | 13.6
Dodging        | |  1.7
Spellcasting   | |  2.0

Action                   |  1- 3 |  4- 6 |  7- 9 | 10-12 || total
-------------------------+-------+-------+-------+-------++-------
Melee: Unarmed           |   115 |   304 |   335 |   449 ||  1203
       Kick              |    13 |    19 |    46 |    95 ||   173
       Tailslap          |    12 |    33 |    30 |    55 ||   130
       Headbutt          |     8 |    17 |    21 |    53 ||    99
       Punch             |       |     3 |    10 |    14 ||    27
 Cast: Beastly Appendage |     9 |    16 |    24 |    36 ||    85
       Spider Form       |       |       |       |     3 ||     3
       Wereblood         |       |       |       |     4 ||     4
       Hydra Form        |       |       |       |     2 ||     2
 Abil: Breathe Lightning |       |       |    23 |     7 ||    30
  Use: Potion            |     2 |     3 |     3 |     6 ||    14
       Scroll            |       |       |       |     5 ||     5
 Stab: Sleeping          |     1 |     1 |       |       ||     2
       Distracted        |       |       |       |     1 ||     1
Armor: Skin              |    78 |   140 |   150 |   188 ||   556
Dodge: Dodged            |   105 |   198 |   220 |   265 ||   788
       Repelled          |       |       |     1 |     2 ||     3

Table legend: (Time is in decaauts)
 A = Elapsed time spent in this place.
 B = Non-inter-level travel time spent in this place.
 C = Inter-level travel time spent in this place.
 D = Time resting spent in this place.
 E = Time spent auto-exploring this place.
 F = Levels seen in this place.
 G = Mean time per level.
                   A        B        C        D        E       F      G
               +--------+--------+--------+--------+--------+-----+--------+
         Total |  18110 |  17631 |    479 |    447 |  14373 |  11 | 1646.4 |
       Dungeon |  17417 |  16939 |    478 |    447 |  13835 |  10 | 1741.7 |
          Lair |    692 |    692 |      0 |      0 |    538 |   1 |  692.0 |
               +--------+--------+--------+--------+--------+-----+--------+

Top non-repeatable levels by time:
     D:9: 3064 daAuts
     D:7: 2757 daAuts
    D:10: 2286 daAuts
     D:5: 1514 daAuts
     D:2: 1506 daAuts
     D:1: 1490 daAuts
     D:6: 1285 daAuts
     D:8: 1272 daAuts
     D:4: 1138 daAuts
     D:3: 1101 daAuts
  Lair:1: 692 daAuts
